 Dungeon Crawl Stone Soup version 0.19.1-1-g22dce08 (webtiles) character file.

6255 kae the Destroyer (level 10, -1/69 HPs)
             Began as a Mottled Draconian Conjurer on Jan 15, 2017.
             Was a Believer of Sif Muna.
             Slain by a yak (15 damage)
             ... on level 9 of the Dungeon.
             The game lasted 00:17:03 (11905 turns).

kae the Destroyer (Mottled Draconian Conjurer)     Turns: 11905, Time: 00:17:04

Health: -1/69      AC:  8    Str: 10    XL:     10   Next: 62%
Magic:  0/23       EV: 12    Int: 19    God:    Sif Muna [**....]
Gold:   209        SH:  0    Dex: 12    Spells: 6 memorised, 8 levels left

rFire  . . .     SeeInvis .     g - +2 mace (protect)
rCold  + . .     Gourm    .     (armour unavailable)
rNeg   . . .     Faith    .     (no shield)
rPois  +         Spirit   .     (helmet restricted)
rElec  .         Reflect  .     p - +0 cloak
rCorr  .         Harm     .     (no gloves)
MR     .....                    (no boots)
Stlth  ++........               (no amulet)
                                v - ring of poison resistance
                                o - ring of protection from cold

@: short of breath
A: breathe sticky flame splash, unfitting armour, cold-blooded, AC +7
a: Breathe Sticky Flame, Divine Energy, Renounce Religion


You were on level 9 of the Dungeon.
You worshipped Sif Muna.
Sif Muna was pleased with you.
You were near starving.

You visited 2 branches of the dungeon, and saw 10 of its levels.
You also visited: Ossuary.

You collected 370 gold pieces.
You spent 161 gold pieces at shops.

Inventory:

Hand Weapons
 g - a +2 mace of protection (weapon)
Armour
 p - a +0 cloak (worn)
Jewellery
 o - a ring of protection from cold (left hand)
 t - an uncursed amulet of rage
 v - a ring of poison resistance (right hand)
Wands
 w - a wand of flame (29/48)
 x - a wand of flame (29/48)
 y - a wand of polymorph (18/24)
 D - a wand of disintegration (12/24)
 E - a wand of teleportation (0/9)
 F - a wand of confusion (42/48)
 H - a wand of flame (20/48)
Scrolls
 d - 2 scrolls of remove curse
 k - 2 scrolls of blinking
 l - 2 scrolls of enchant armour
 q - 2 scrolls of fear
 r - 3 scrolls of teleportation
 A - a scroll of recharging {unknown}
 I - 2 scrolls of identify
Potions
 c - a potion of cure mutation
 e - a potion of curing
 f - 3 potions of flight
 j - a potion of might
 m - a potion of haste
 s - 2 potions of brilliance
 u - 2 potions of magic
 z - 3 potions of heal wounds
 C - a potion of ambrosia {unknown}
 G - a potion of resistance
Books
 a - a book of Conjurations

   Spells                             Type                      Level
   a - Magic Dart                     Conjuration                  1
   b - Searing Ray                    Conjuration                  2
   c - Dazzling Spray                 Conjuration/Hexes            3
   d - Fulminant Prism                Conjuration/Hexes            4
   e - Iskenderun's Mystic Blast      Conjuration                  4
   f - Iskenderun's Battlesphere      Conjuration/Charms           5
 B - a book of Debilitation

   Spells                             Type                      Level
   a - Corona                         Hexes                        1
   b - Slow                           Hexes                        2
   c - Gell's Gravitas                Hexes/Translocation          3
   d - Inner Flame                    Hexes/Fire                   3
   e - Cause Fear                     Hexes                        4
   f - Leda's Liquefaction            Hexes/Earth                  4
Comestibles
 b - 7 bread rations
 h - 5 slices of pizza
 i - 2 beef jerkies
 n - 6 meat rations


   Skills:
 - Level 1.7 Dodging
 - Level 1.7 Stealth
 + Level 9.4 Spellcasting
 * Level 14.4 Conjurations


You had 8 spell levels left.
You knew the following spells:

 Your Spells              Type           Power        Failure   Level  Hunger
a - Magic Dart            Conj           ####         1%          1    None
b - Searing Ray           Conj           ######       1%          2    None
c - Dazzling Spray        Conj/Hex       #####.       1%          3    None
d - Iskenderun's Mystic   Conj           ######..     1%          4    ###....
e - Fulminant Prism       Conj/Hex       #####.....   4%          4    ###....
f - Iskenderun's Battles  Conj/Chrm      #####...     12%         5    #####..


Dungeon Overview and Level Annotations

Branches:
Dungeon (9/15)             Temple (1/1) D:6
   Lair: D:8-11         Orc: D:9-12

Altars:
Ashenzari
Cheibriados
Dithmenos
Elyvilon
Fedhas
Gozag
Hepliaklqana
Kikubaaqudgha
Makhleb
Nemelex Xobeh
Okawaru
Qazlal
Ru
Sif Muna
Trog
Uskayaw
Vehumet
Xom
Yredelemnul
Zin
The Shining One

Shops:
D:6 ?


Innate Abilities, Weirdness & Mutations

You can spit globs of burning liquid.
You can ignite nearby creatures when you spit burning liquid.
Your weird mottled scales are hard. (AC +7)
You cannot fit into any form of body armour.
You are cold-blooded and may be slowed by cold attacks.


Message History

The yak gores you.
* * * LOW HITPOINT WARNING * * *
Casting: Searing Ray
Confirm with . or Enter, or press ? or * to list all spells.
Aiming: Magic Dart
Press: ? - help, Shift-Dir - straight line, f/p - yak
Aim: a yak (moderately wounded)
The magic dart hits the yak.
The yak is moderately wounded.
The yak gores you.
* * * LOW HITPOINT WARNING * * *
Okay, then.
Press: ? - help, Shift-Dir - straight line, f/p - yak
Aim: a yak (moderately wounded)
You spit a glob of burning liquid.
The splash of liquid fire hits the yak.
The yak appears unharmed.
The yak is moderately wounded.
The yak is covered in liquid flames!
You feel somewhat more hungry.
The yak burns!
The yak gores you!
You die...

.......>#
#.#.# #.#
...######
#.#.# #.#
...#
#.#.####.#
...#
#.#....#.#
.###
#.####.#.##
.#
#.....[...#
.#
######.####
.#######
#.#
........
#@#
.########
#Y#
........#
#.#
.#....#.#
######.#
.####.#.#
#...†..#
........#
#.######
.####.###
....#.#
.#.##.###


You could see a yak (burning).

Vanquished Creatures
  Pikel (D:8)
  A troll (D:9)
  2 hippogriffs (D:7)
  4 yaks (D:9)
  A wyvern (D:8)
  4 hogs (D:7)
  A human (D:7)
  2 hungry ghosts
  A water moccasin (D:6)
  2 ice beasts
  An orc warrior (D:9)
  A slave (D:8)
  2 sky beasts
  3 phantoms
  2 centaurs
  3 ogres
  3 elf zombies (Ossuary)
  2 bullfrogs
  4 scorpions
  5 wights (D:7)
  5 crimson imps
  2 centaur zombies
  2 hounds
  3 orc priests
  A jelly (D:9)
  3 orc wizards
  An iguana (D:4)
  7 worker ants
  A killer bee zombie (D:5)
  A big kobold zombie (Ossuary)
  3 mummies
  3 hound skeletons
  2 worker ant zombies (D:9)
  7 adders
  4 oozes
  3 adder zombies
  A dart slug (D:2)
  5 leopard geckos
  14 orcs
  3 ball pythons
  3 giant cockroaches
  7 goblins
  8 hobgoblins
  12 jackals
  5 kobolds
  6 quokkas
  8 bats
  4 frilled lizards
  A goblin zombie (Ossuary)
  5 hobgoblin zombies (Ossuary)
  A jackal skeleton (D:7)
  A jackal zombie (Ossuary)
  13 kobold zombies (Ossuary)
  9 orc zombies (Ossuary)
  2 quokka skeletons
  5 rats
  A rat zombie (Ossuary)
207 creatures vanquished.

Vanquished Creatures (others)
  A hungry ghost (D:8)
  A black bear (D:8)
  2 slaves (D:8)
  2 ogres (D:8)
  A scorpion (D:8)
  A hound (D:8)
  An orc wizard (D:8)
  An iguana (D:8)
  A worker ant (D:8)
  A worker ant zombie (D:8)
  2 adders (D:8)
  An adder skeleton (D:8)
  An adder zombie (D:8)
  A giant cockroach (D:8)
  2 fulminant prisms
19 creatures vanquished.

Grand Total: 226 creatures vanquished

Notes
Turn   | Place    | Note
-------+----------+-------------------------------------------
     0 | D:1      | kae the Draconian Conjurer began the quest for the Orb.
     0 | D:1      | Reached XP level 1. HP: 14/14 MP: 3/3
   117 | D:1      | Reached XP level 2. HP: 10/20 MP: 1/5
   897 | D:1      | Reached XP level 3. HP: 16/26 MP: 0/6
  1388 | D:2      | Found an iron altar of Okawaru.
  1431 | D:2      | Reached skill level 5 in Conjurations
  2153 | D:3      | Reached XP level 4. HP: 33/33 MP: 4/7
  2521 | D:4      | Noticed an ogre
  2524 | D:4      | Killed an ogre
  2524 | D:4      | Reached XP level 5. HP: 38/38 MP: 7/9
  2774 | D:4      | Reached skill level 6 in Conjurations
  3059 | D:4      | Found a sand-covered staircase.
  3076 | Ossuary  | Entered an ossuary
  3171 | Ossuary  | Learned a level 2 spell: Searing Ray
  3175 | Ossuary  | Learned a level 3 spell: Dazzling Spray
  3565 | Ossuary  | Reached XP level 6. HP: 18/45 MP: 2/11
  3930 | Ossuary  | Reached skill level 7 in Conjurations
  3974 | Ossuary  | Your scales start taking on a weird mottled colour.
  3974 | Ossuary  | Reached XP level 7. HP: 21/50 MP: 1/13
  4918 | D:5      | Entered Level 5 of the Dungeon
  4923 | D:5      | Reached skill level 12 in Conjurations
  4923 | D:5      | Reached XP level 8. HP: 57/57 MP: 14/20
  5663 | D:5      | Found a hide-covered altar of Uskayaw.
  6000 | D:6      | Found a staircase to the Ecumenical Temple.
  6027 | Temple   | Entered the Ecumenical Temple
  6130 | Temple   | Became a worshipper of Sif Muna the Loreminder
  6320 | D:6      | Found Romohaje's Magic Scroll Shoppe.
  6324 | D:6      | Bought a scroll of identify for 28 gold pieces
  6324 | D:6      | Bought a scroll of identify for 28 gold pieces
  6324 | D:6      | Bought a scroll of blinking for 105 gold pieces
  6759 | D:6      | Reached XP level 9. HP: 17/62 MP: 10/21
  7006 | D:6      | Reached skill level 13 in Conjurations
  7008 | D:6      | Found a sacrificial altar of Ru.
  7484 | D:6      | Found a hazy altar of Hepliaklqana.
  7485 | D:6      | Found a shimmering altar of Xom.
  7486 | D:6      | Noticed a spectral ugly thing
  7885 | D:7      | HP: 1/62 [hog (6)]
  7891 | D:7      | Reached * piety under Sif Muna
  9343 | D:8      | Reached XP level 10. HP: 69/69 MP: 15/23
  9468 | D:8      | Learned a level 4 spell: Iskenderun's Mystic Blast
  9473 | D:8      | Learned a level 4 spell: Fulminant Prism
  9479 | D:8      | Learned a level 5 spell: Iskenderun's Battlesphere
  9521 | D:8      | Noticed Pikel
  9531 | D:8      | Killed Pikel
  9837 | D:8      | Reached skill level 14 in Conjurations
  9888 | D:8      | Reached ** piety under Sif Muna
  9942 | D:8      | Found a shimmering altar of Xom.
 11652 | D:9      | Found a shadowy altar of Dithmenos.
 11695 | D:9      | Found a radiant altar of Vehumet.
 11905 | D:9      | Slain by a yak

Skill      XL: |  1  2  3  4  5  6  7  8  9 10 |
---------------+-------------------------------+-----
Conjurations   | 5 6 7 12 13 14 | 14.4
Spellcasting   | 3 4 8 9 |  9.4
Dodging        | |  1.7
Stealth        | |  1.7

Action                   |  1- 3 |  4- 6 |  7- 9 | 10-12 || total
-------------------------+-------+-------+-------+-------++-------
Melee: Unarmed           |    65 |       |       |       ||    65
       Tailslap          |     7 |    10 |     2 |     2 ||    21
       Mace              |     3 |   124 |    38 |    26 ||   191
 Cast: Magic Dart        |    85 |   136 |   278 |   113 ||   612
       Searing Ray       |       |     2 |    10 |     7 ||    19
       Iskenderun's Myst |       |       |       |    21 ||    21
       Fulminant Prism   |       |       |       |     2 ||     2
       Dazzling Spray    |       |       |       |     2 ||     2
Invok: Divine Energy     |       |       |       |     1 ||     1
       Stop Divine Energ |       |       |       |     1 ||     1
 Abil: Breathe Sticky Fl |       |       |     6 |     3 ||     9
  Use: Scroll            |     9 |     2 |     9 |       ||    20
       Potion            |       |     8 |     3 |       ||    11
 Stab: Sleeping          |     1 |       |     1 |       ||     2
  Eat: Chunk             |     5 |     4 |    17 |     9 ||    35
       Beef jerky        |       |     1 |       |       ||     1
       Pizza             |       |       |     1 |     3 ||     4
Armor: Skin              |    28 |    83 |    72 |    34 ||   217
Dodge: Dodged            |    44 |   104 |   116 |    42 ||   306
